[Event "Asian Zonal-ch 3.5 Women 2019"]
[Site "Zi Bo"]
[Date "2019.09.10"]
[Round "9.7"]
[White "Li, Xueyi"]
[Black "Song, Yuxin"]
[Result "1/2-1/2"]
[ECO "E11"]
[WhiteElo "2323"]
[BlackElo "2305"]
[Annotator "RC"]
[PlyCount "64"]
[EventDate "2019.09.05"]
[EventType "swiss"]
[EventCountry "CHN"]
[SourceTitle "playchess.com"]
[Source "ChessBase"]
[SourceQuality "1"]
[TimeControl "5400+30"]

1. d4 Nf6 2. c4 e6 3. Nf3 d5 4. g3 Bb4+ 5. Bd2 Be7 6. Bg2 O-O 7. O-O Nbd7 8. Qc2 c6 9. a4 a5 10. Bf4 b6 11. Nc3 dxc4 12. e4 Ba6 13. Rfd1 Rc8 14. Qe2 Bb4 15. h4 b5 16. d5 exd5 17. exd5 Nxd5 18. Nxd5 cxd5 19. Rxd5 Bb7 20. Rdd1 Re8 21. Qf1 Be4 22. axb5 Bd3 23. Rxd3 cxd3 24. Qxd3 Nc5 25. Qxd8 Rcxd8 26. Ne5 Nb3 27. Rf1 Bc5 28. Nc6 Rd7 29. Bh3 Rd5 30. Bg2 Rd7 31. Bh3 Rd5 32. Bg2 Rd7 1/2-1/2

[Event "Asian Zonal-ch 3.5 Women 2019"]
[Site "Zi Bo"]
[Date "2019.09.10"]
[Round "9.10"]
[White "Bai, Xue"]
[Black "Wang, Yuehan"]
[Result "1-0"]
[ECO "B43"]
[WhiteElo "2093"]
[BlackElo "1600"]
[Annotator "NA RC"]
[PlyCount "75"]
[EventDate "2019.09.05"]
[EventType "swiss"]
[EventCountry "CHN"]
[SourceTitle "playchess.com"]
[Source "ChessBase"]
[SourceQuality "1"]
[TimeControl "5400+30"]

1. e4 c5 2. Nf3 e6 3. d4 cxd4 4. Nxd4 a6 5. Nc3 Qc7 6. g3 Bb4 7. Nde2 Nf6 8. Bg2 Be7 9. O-O O-O 10. h3 Nc6 11. Bf4 d6 12. Qd2 {[%emt 0:00:34] B43: Sicilian: Kan Variation: 5 Nc3} Rd8 13. a4 {[%emt 0:01:10] [#]} Ne5 $146 ({Predecessor:} 13... Rb8 14. g4 b5 15. axb5 axb5 16. g5 Nd7 17. Bg3 b4 {0-1 (26) Chavez Chavez,R-Quinteros,M (2555) Sao Paulo 1977}) 14. Rad1 Nc4 15. Qc1 Nh5 16. Be3 Nxe3 17. Qxe3 Nf6 18. g4 Nd7 19. Nd4 Ne5 20. b3 Bd7 21. Nce2 Nc6 22. c4 Nb4 23. Kh1 Qc5 24. Qg3 h5 25. f4 hxg4 26. Qxg4 Bf6 27. f5 $1 e5 $2 {[%emt 0:00:48] [#]} (27... Re8 $14) 28. Ne6 $1 fxe6 $18 (28... Qe3 {was called for.} 29. Nxd8 Bxd8 30. Rxd6 Be8) 29. fxe6 Nc2 30. Rxf6 Ne3 31. Qg5 Bxe6 32. Rxe6 Rd7 33. Rg1 Rf8 34. Ng3 Qd4 35. Nf5 Nxf5 36. exf5 Rc8 37. Bd5 Kf8 38. Qh5 1-0

[Event "Asian Zonal-ch 3.5 Women 2019"]
[Site "Zi Bo"]
[Date "2019.09.10"]
[Round "9.11"]
[White "Cai Youyang"]
[Black "Xue, Yue"]
[Result "1-0"]
[ECO "B76"]
[WhiteElo "1910"]
[BlackElo "1678"]
[Annotator "NA RC"]
[PlyCount "85"]
[EventDate "2019.09.05"]
[EventType "swiss"]
[EventCountry "CHN"]
[SourceTitle "playchess.com"]
[Source "ChessBase"]
[SourceQuality "1"]
[TimeControl "5400+30"]

1. e4 c5 2. Nf3 d6 3. d4 cxd4 4. Nxd4 Nf6 5. Nc3 g6 6. Be3 Bg7 7. f3 Nc6 8. Qd2 O-O 9. g4 Be6 10. g5 {[%emt 0:34:39] B76: Sicilian Dragon: Yugoslav Attack, 9 g4 and 9 0-0-0} (10. Nxe6 fxe6 11. O-O-O Ne5 12. Be2 Qc8 13. h4 Nfd7 14. h5 Nc4 15. Bxc4 Qxc4 16. hxg6 hxg6 17. f4 Bxc3 18. bxc3 Nf6 19. Bd4 e5 20. fxe5 dxe5 {1-0 (41) Cornette,M (2611)-Jones,G (2640) chess.com INT 2018}) 10... Nh5 11. Nxe6 fxe6 12. f4 Qa5 $146 ({Predecessor:} 12... e5 13. f5 Nd4 14. Be2 Nxe2 15. Qxe2 Rc8 16. Nd5 Nf4 17. Bxf4 exf4 18. O-O-O e6 {1-0 (87) Kosteniuk,A (2527)-Kosintseva,T (2496) Beijing 2013}) 13. Bh3 Nd8 14. Bg4 Rc8 15. Ne2 Qa4 {[%emt 0:10:51] Double Attack} 16. c3 Qxe4 17. O-O Nc6 18. Bxh5 gxh5 19. Ng3 Qg6 20. h4 b6 ({Black should play} 20... d5 $11) 21. Qe2 Na5 22. Nxh5 Bh8 23. Ng3 Nc4 24. h5 Qf7 25. Bd4 Bxd4+ 26. cxd4 Kh8 27. Rae1 Qg7 28. Qe4 $4 (28. Qxe6 $18 {was the only winning move.} Qxd4+ {[%mdl 64] Double Attack} 29. Kg2 Qxb2+ 30. Re2) 28... Nd2 29. Qd3 Nxf1 30. Rxf1 Rc7 31. Rf2 (31. Kg2 $17 {was necessary.}) 31... Rfc8 32. Qe4 Qg8 33. g6 Rc4 34. f5 exf5 $2 (34... Rc1+ $11 {and Black has nothing to worry.} 35. Kg2 Rf8) 35. Nxf5 Rc1+ $2 (35... hxg6 {is a better defense.} 36. Nxe7 {[%mdl 64] Double Attack} Qg7) 36. Kg2 $2 (36. Kh2 $18 hxg6 37. Nxe7 {[%mdl 64] Double Attack}) 36... hxg6 37. Nxe7 Re8 38. Nxg6+ Kh7 39. Qf5 $1 Rc7 40. Kh2 Qg7 41. Rg2 $11 (41. Nf8+ $16 Kh8 42. Ne6 Rxe6 43. Qxe6) 41... Qf7 42. Qd3 Qc4 43. Nf8+ 1-0

[Event "Asian Zonal-ch 3.5 Women 2019"]
[Site "Zi Bo"]
[Date "2019.09.10"]
[Round "9.12"]
[White "Zhao, Caidi"]
[Black "Yuan, Ye"]
[Result "0-1"]
[ECO "B40"]
[WhiteElo "1540"]
[BlackElo "2092"]
[Annotator "NA RC"]
[PlyCount "48"]
[EventDate "2019.09.05"]
[EventType "swiss"]
[EventCountry "CHN"]
[SourceTitle "playchess.com"]
[Source "ChessBase"]
[SourceQuality "1"]
[TimeControl "5400+30"]

1. e4 c5 2. Nf3 e6 3. b3 b6 4. Bb2 Bb7 5. d3 Nc6 (5... d6 6. g3 Nf6 7. Bg2 Be7 8. O-O O-O 9. Nbd2 Nc6 10. Re1 Nd7 {½-½ (10) Rozentalis,E (2577)-Gharamian,T (2555) Belgium 2009}) 6. Nbd2 {[%emt 0:00:30] B40: Sicilian: 2...e6, Unusual lines} d5 7. exd5 Qxd5 $146 ({Predecessor:} 7... exd5 8. d4 Nf6 9. Bb5 Be7 10. dxc5 bxc5 11. Ne5 Qc7 12. Qf3 O-O 13. Nxc6 Bxc6 14. Bxc6 Qxc6 {½-½ (48) Stany,G (2302)-Shyam,S (2402) Chennai 2008}) 8. Ne4 f5 9. Nc3 Qd7 10. Qe2 {[%emt 0:00:30] [#]} (10. a4 $15) 10... Nd4 $1 11. Nxd4 (11. Qd1 $17) 11... cxd4 12. Nb1 Rc8 13. f3 (13. c4 $142) 13... Nf6 14. Na3 Bb4+ {[%emt 0:00:30] O-O} 15. Kf2 b5 16. Rc1 O-O 17. Qe5 a6 18. Nb1 Bd6 $19 19. Qe1 Bf4 20. Nd2 Be3+ 21. Ke2 Nd5 22. c3 dxc3 23. Bxc3 Nxc3+ 24. Kxe3 f4+ 0-1